 Dungeon Crawl Stone Soup version 0.30-a0-1164-ge08a67761e (webtiles) character file.

Game seed: 8112665644897045955

546724 dogaso222 the Minotaur Porcupine (level 24, -4/224 HPs)
             Began as a Minotaur Monk on Apr 29, 2023.
             Was an Initiate of Gozag.
             Killed from afar by an orb of fire (24 damage)
             ... with a bolt of fire
             ... on level 5 of the Realm of Zot.
             The game lasted 04:28:30 (134121 turns).

dogaso222 the Minotaur Porcupine (Minotaur Monk)  Turns: 134121, Time: 04:28:32

Health: -4/224     AC: 31    Str: 28    XL:     24   Next: 92%
Magic:  0/28       EV:  9    Int:  5    God:    Gozag
Gold:   3802       SH: 27    Dex: 15    Spells: 23/23 levels left

rFire   + + .        f - +9 demon trident (chaos)
rCold   + . .        a - +7 tower shield
rNeg    + + +        e - +6 plate armour {Will+}
rPois   +            O - +0 hat
rElec   +            n - +2 cloak
rCorr   +            D - +0 pair of gloves of Zin's Outrage {rPois Will+ Int-2 SInv}
SInv    +            B - +0 pair of boots "Qihisex" {Fly rElec rPois Dex-5}
Will    +++++        N - amulet "Pioduch" {Spirit rElec Will++ Dex+3} Stlth
                     F - ring of Wucoisk {rElec rC- rN++ MP+9 Str+2}
HPRegen 0.00/turn    p - ring of Undoing {rF+ rC+ rN+ Str+2 Slay+2}
MPRegen 0.21/turn

%: guardian spirit
@: mighty, resistant, flying, inhibited regen, hasted, studying Stealth, very
quick
A: horns 2, retaliatory headbutt, deterioration 1, frail 1, low MP 1, inhibited
regeneration, no potion heal 1, inability to read after injury 1
}: 3/15 runes: decaying, serpentine, silver
a: Renounce Religion, Potion Petition, Call Merchant, Bribe Branch


You were on level 5 of the Realm of Zot.
You worshipped Gozag.
Gozag was most pleased with you.
You visited 10 branches of the dungeon, and saw 48 of its levels.
You visited 1 bazaar.
You also visited: Sewer, Bailey and Desolation.

You collected 26901 gold pieces.
You spent 6505 gold pieces at shops.
You paid 16594 gold pieces to Gozag.

Inventory:

Hand Weapons
 f - a +9 demon trident of chaos (weapon)
 R - the +7 lajatang of Xaaz {protect, rPois Int+3}
   (You took it off a deep elf annihilator on level 3 of the Elven Halls)

   Int:       It affects your intelligence (+3).
   rPois:     It protects you from poison.
Missiles
 c - 3 javelins
 q - 8 silver javelins
 r - 2 boomerangs of dispersal
 E - 4 boomerangs (quivered)
Armour
 a - a +7 tower shield (worn)
 e - a +6 plate armour of willpower (worn)
 n - a +2 cloak (worn)
 B - the +0 pair of boots "Qihisex" (worn) {Fly rElec rPois Dex-5}
   (You found it on level 3 of the Elven Halls)

   Dex:       It affects your dexterity (-5).
   rElec:     It insulates you from electricity.
   rPois:     It protects you from poison.
   Fly:       It grants you flight.
 D - the +0 pair of gloves of Zin's Outrage (worn) {rPois Will+ Int-2 SInv}
   (You bought it in a shop on level 2 of the Vaults)

   Int:       It affects your intelligence (-2).
   rPois:     It protects you from poison.
   SInv:      It lets you see invisible.
   Will:      It increases your willpower.
 O - a +0 hat (worn)
Jewellery
 i - the amulet of the Air {Inacc Air Fly rElec RMsl}
   (You took it off a fire giant on level 2 of the Depths)

   [amulet of nothing]

   Inacc:     It reduces the accuracy of your attacks and spells.
   Air:       It enhances your air magic.
   rElec:     It insulates you from electricity.
   Fly:       It grants you flight.
   RMsl:      It protects you from missiles.
 p - the ring of Undoing (right hand) {rF+ rC+ rN+ Str+2 Slay+2}
   (You found it on level 1 of the Lair of Beasts)

   [ring of positive energy]

   Str:       It affects your strength (+2).
   Slay:      It affects your accuracy & damage with ranged weapons and melee
   (+2).
   rF:        It protects you from fire.
   rC:        It protects you from cold.
   rN:        It protects you from negative energy.
 y - a ring of see invisible
 z - an amulet of reflection
 F - the ring of Wucoisk (left hand) {rElec rC- rN++ MP+9 Str+2}
   (You found it on level 13 of the Dungeon)

   [ring of magical power]

   Str:       It affects your strength (+2).
   rC:        It makes you vulnerable to cold.
   rElec:     It insulates you from electricity.
   rN:        It greatly protects you from negative energy.
   MP:        It affects your magic capacity (+9).
 M - a ring of resist corrosion
 N - the amulet "Pioduch" (around neck) {Spirit rElec Will++ Dex+3}
   (You bought it in a shop on level 2 of the Orcish Mines)

   [amulet of guardian spirit]

   It causes incoming damage to be divided between your reserves of health and
   magic.
   Dex:       It affects your dexterity (+3).
   rElec:     It insulates you from electricity.
   Will:      It greatly increases your willpower.
 T - an amulet of magic regeneration
 X - a ring of protection from cold
Wands
 g - a wand of digging (12)
 h - a wand of mindburst (27)
 x - a wand of flame (97)
 G - a wand of polymorph (27)
 J - a wand of roots (42)
 L - a wand of light (40)
 P - a wand of charming (43)
Scrolls
 b - a scroll of enchant weapon
 j - 7 scrolls of poison
 k - 10 scrolls of magic mapping
 m - 3 scrolls of teleportation
 t - 2 scrolls of blinking
 w - 7 scrolls of amnesia
 A - 2 scrolls of enchant armour
 C - 13 scrolls of fear
 I - 11 scrolls of fog
 V - 6 scrolls of silence
 W - a scroll of summoning
Potions
 d - 9 potions of flight
 l - 6 potions of might
 s - 21 potions of curing
 u - 8 potions of ambrosia
 v - 5 potions of berserk rage
 K - 3 potions of invisibility
 Q - 5 potions of mutation
 S - 3 potions of cancellation
 Y - a potion of resistance
Miscellaneous
 o - a box of beasts
 H - a lightning rod (4/4)
 U - a phantom mirror


   Skills:
 O Level 27 Fighting
 O Level 27 Polearms
 - Level 16.0 Throwing
 - Level 18.0 Armour
 - Level 3.2 Dodging
 - Level 18.0 Shields
 + Level 19.3 Evocations


You had 23 spell levels left.
You didn't know any spells.
Your spell library contained the following spells:

 Spells                   Type           Power      Damage    Failure   Level
 Beastly Appendage        Tmut           0%         N/A       99%         1
 Magic Dart               Conj           0%         1d3       99%         1
 Sandblast                Erth           0%         2d4       99%         1
 Shock                    Conj/Air       0%         1d3       99%         1
 Slow                     Hex            0%         N/A       99%         1
 Sting                    Tmut/Pois      0%         1d3       99%         1
 Summon Small Mammal      Summ           0%         N/A       99%         1
 Blink                    Tloc           0%         N/A       100%        2
 Call Imp                 Summ           0%         N/A       100%        2
 Passwall                 Tmut/Erth      0%         N/A       100%        2
 Poisonous Vapours        Pois/Air       0%         N/A       100%        2
 Scorch                   Fire           0%         2d5       100%        2
 Sublimation of Blood     Necr           0%         N/A       100%        2
 Wereblood                Tmut           0%         N/A       100%        2
 Call Canine Familiar     Summ           0%         N/A       100%        3
 Confusing Touch          Hex            0%         N/A       100%        3
 Dazzling Flash           Conj/Hex       0%         N/A       100%        3
 Frozen Ramparts          Ice            0%         1d1       100%        3
 Ignite Poison            Fire/Tmut/Pois 0%         N/A       100%        3
 Inner Flame              Hex/Fire       0%         N/A       100%        3
 Mephitic Cloud           Conj/Pois/Air  0%         N/A       100%        3
 Ozocubu's Armour         Ice            0%         N/A       100%        3
 Portal Projectile        Hex/Tloc       0%         N/A       100%        3
 Spider Form              Tmut/Pois      0%         N/A       100%        3
 Stone Arrow              Conj/Erth      0%         3d7       100%        3
 Summon Guardian Golem    Hex/Summ       0%         N/A       100%        3
 Swiftness                Air            0%         N/A       100%        3
 Vhi's Electric Charge    Tloc/Air       0%         N/A       100%        3
 Airstrike                Air            0%         2d(0-16)  100%        4
 Anguish                  Hex/Necr       0%         N/A       100%        4
 Animate Armour           Summ/Erth      0%         N/A       100%        4
 Flame Wave               Conj/Fire      0%         2d4       100%        4
 Ice Form                 Ice/Tmut       0%         N/A       100%        4
 Iskenderun's Mystic Bla  Conj/Tloc      0%         2d3       100%        4
 Leda's Liquefaction      Hex/Erth       0%         N/A       100%        4
 Manifold Assault         Tloc           0%         N/A       100%        4
 Petrify                  Tmut/Erth      0%         N/A       100%        4
 Sticky Flame             Conj/Fire      0%         2d3       100%        4
 Summon Ice Beast         Ice/Summ       0%         N/A       100%        4
 Agony                    Necr           0%         N/A       100%        5
 Alistair's Intoxication  Tmut/Pois      0%         N/A       100%        5
 Arcjolt                  Conj/Air       0%         1d10      100%        5
 Borgnjor's Vile Clutch   Necr/Erth      0%         N/A       100%        5
 Fireball                 Conj/Fire      0%         3d3       100%        5
 Freezing Cloud           Conj/Ice/Air   0%         6-21      100%        5
 Iskenderun's Battlesphe  Conj           0%         2d6       100%        5
 Lee's Rapid Deconstruct  Erth           0%         3d4*      100%        5
 Metabolic Englaciation   Hex/Ice        0%         N/A       100%        5
 Silence                  Hex/Air        0%         N/A       100%        5
 Conjure Ball Lightning   Conj/Air       0%         3x3d6     100%        6
 Death Channel            Necr           0%         N/A       100%        6
 Dispersal                Tloc           0%         N/A       100%        6
 Iron Shot                Conj/Erth      0%         9d1       100%        6
 Plasma Beam              Fire/Air       0%         2x1d11    100%        6
 Starburst                Conj/Fire      0%         6d3       100%        6
 Statue Form              Tmut/Erth      0%         N/A       100%        6
 Enfeeble                 Hex            0%         N/A       100%        7
 Haunt                    Necr/Summ      0%         N/A       100%        7
 Spellforged Servitor     Conj/Summ      0%         N/A       100%        7
 Storm Form               Tmut/Air       0%         N/A       100%        7
 Summon Hydra             Summ           0%         N/A       100%        7
 Discord                  Hex            0%         N/A       100%        8
 Disjunction              Tloc           0%         N/A       100%        8
 Ignition                 Fire           0%         3d3       100%        8
 Infestation              Necr           0%         N/A       100%        8
 Maxwell's Capacitive Co  Air            0%         ∞         100%        8
 Fire Storm               Conj/Fire      0%         5d1       100%        9
 Animate Dead             Necr           Unusable   N/A       N/A         4
 Simulacrum               Ice/Necr       Unusable   N/A       N/A         6

Dungeon Overview and Level Annotations

Branches:
Dungeon (15/15)            Temple (1/1) D:5            Lair (5/5) D:11
  Swamp (4/4) Lair:2        Snake (4/4) Lair:2        Slime (0/5) Lair:4
    Orc (2/2) D:9             Elf (3/3) Orc:2        Vaults (5/5) D:13
  Crypt (0/3) Vaults:2     Depths (4/4) D:15            Zot (5/5) Depths:4
  Sewer (visited)          Bailey (visited)         Desolation (visited)

Altars:
Ashenzari
Cheibriados
Dithmenos
Elyvilon
Fedhas
Gozag
Hepliaklqana
Kikubaaqudgha
Makhleb
Nemelex Xobeh
Okawaru
Qazlal
Ru
Sif Muna
Trog
Uskayaw
Vehumet
Wu Jian
Xom
Yredelemnul
Zin
The Shining One
Jiyva

Shops:
D:4 [   D:9 [   D:12 **   D:14 *   Orc:2 ([=!   Elf:3 :   Lair:2 *   Lair:4 (
Snake:4 [[*[   Vaults:1 [   Vaults:2 *[*   Vaults:3 [

Portals:
Hell: Depths:1 Depths:2 Depths:3 Depths:4
Abyss: Depths:2 Depths:3
Pandemonium: Depths:2 Depths:3
Ziggurat: Depths:2

Annotations:
D:2 1 runed translucent door, Crazy Yiuf
D:8 1 runed translucent door, TheSeeker391's ghost, novice HOFi
D:9 3 runed translucent doors, Anamonty's ghost, journeyman OpVM
Lair:5 3 runed translucent doors, nubinia's ghost, journeyman TeAE
Swamp:4 Lernaean hydra
Vaults:2 2 runed translucent doors, Duohi's ghost, veteran OpTm; ohados's ghost, veteran OpTm
Vaults:4 3 runed translucent doors, Arghirug's ghost, adept HOFi; Morbidden's ghost, veteran FoHu; Yhutz's ghost, veteran MiFi; twifor's ghost, adept MfGl
Zot:1 Tiamat


Innate Abilities, Weirdness & Mutations

You have a pair of horns on your head.
You reflexively headbutt those who attack you in melee.
Your body sometimes deteriorates upon taking damage.
You are frail. (-10% HP)
Your magical capacity is low. (-10% MP)
You do not regenerate when monsters are visible.
Potions are less effective at restoring your health.
You occasionally lose the ability to read scrolls when taking damage.


Message History

The tormentor calls on the powers of darkness!
Your body is wracked with pain!
* * * LOW HITPOINT WARNING * * *
The red draconian convulses!
The golden dragon convulses!
The Killer Klown convulses!
The golden dragon convulses!
The Killer Klown blinks!
Your surroundings suddenly seem different.
An ancient lich, an Orb Guardian, a moth of wrath and a tentacled monstrosity come into view.
Found a wand of charming (4) and 21 gold pieces.
The moth of wrath's fur bristles in rage as it notices you.
The ancient lich casts a spell at you. The bolt of acid misses you.
Blink to where?
Press: ? - help, Dir - move target
Okay, then.
An Orb Guardian comes into view.
Blink to where?
Press: ? - help, Dir - move target
As you read the scroll of blinking, it crumbles to dust.
The moth of wrath enters a dispersal trap!
You blink.
You completely miss the purple draconian shifter.
The purple draconian shifter is lightly wounded.
You closely miss the purple draconian shifter.
The purple draconian shifter is lightly wounded.
The purple draconian shifter hits you but does no damage.
You puncture the purple draconian shifter!
The purple draconian shifter's magic leaks into the air.
Your headbutt misses the purple draconian shifter.
The purple draconian shifter is moderately wounded.
You impale the purple draconian shifter!!
The purple draconian shifter is severely wounded.
You block the purple draconian shifter's attack.
You barely miss the purple draconian shifter.
Your headbutt misses the purple draconian shifter.
The purple draconian shifter is severely wounded.
The orb of fire emits a lurid red light.
The bolt of fire hits you!! You resist.
You die...
Your body crumbles into a pile of gold.

#.....# ########.########
#...............#
#.............## #...*D........#
#.......^.$. ##...........##
#............ #.....*.....#
#..^......... ##...........##
#...X.^.^.... #....^.......@#
#............ ##...........q.##
#............
##.$.............###............
##...###########...###...........
...^## ##..y.##.^..§...X. ..###
###..^y.......L.. ▓▓#
#▓▓▓▓▓▓▓▓▓▓▓##X ▓▓ .▓


You could see an orb of fire (fast), a purple draconian shifter (magic
disrupted) and a moth of wrath.

Vanquished Creatures
  A dread lich (Vaults:4)
  2 ancient liches (Vaults:5)
  Mennas (Vaults:5)
  Mara (Snake:4)
  Sojobo (Vaults:5)
  Boris (Vaults:4)
  Bai Suzhen (Vaults:4)
  Vashnia (Snake:3)
  Margery (Vaults:4)
  A curse toe (Zot:4)
  13 golden dragons
  2 electric golems
  3 doom hounds
  Rupert (Lair:3)
  6 tentacled monstrosities
  2 liches
  7 Orb Guardians (Zot:5)
  Grunn (Depths:3)
  3 deep elf blademasters
  6 quicksilver dragons
  3 deep elf master archers (Elf:3)
  4 titans
  6 sphinxes
  2 death cobs
  8 shadow dragons
  4 storm dragons
  Kirke (Snake:2)
  Gastronok (D:9)
  2 draconian monks
  Donald (Swamp:2)
  Roxanne (Snake:3)
  7 tengu reavers
  The ghost of Rawr the Black Belt, an adept OpTm of Ashenzari (Snake:1)
  A daeva (Depths:2)
  4 nagarajas (Snake:4)
  5 draconian knights
  9 fire giants
  4 frost giants
  A frost giant (shapeshifter) (Vaults:5)
  A draconian scorcher (Zot:2)
  13 deep elf sorcerers
  17 vault wardens
  Louise (Depths:2)
  2 deep elf elementalists (Elf:3)
  Aizul (Vaults:4)
  2 orc warlords (Vaults:3)
  3 draconian shifters
  3 ghost moths
  A balrug (Depths:1)
  2 draconian annihilators
  5 draconian stormcallers
  25 ironbound preservers
  An angel (Depths:3)
  3 war gargoyles
  2 vampire knights
  6 deep elf demonologists
  12 stone giants
  10 ironbound thunderhulks
  29 very ugly things
  9 deep elf annihilators
  4 eleionomae
  2 dire elephants
  5 black draconians
  3 green draconians
  3 spark wasps (Depths:2)
  7 yellow draconians
  A spark wasp (shapeshifter) (Elf:2)
  8 red draconians
  4 bunyips
  5 purple draconians
  A crystal guardian (Vaults:1)
  8 deep elf death magi
  A merfolk javelineer (Depths:4)
  2 entropy weavers
  10 ettins
  5 fire dragons
  12 great orbs of eyes
  12 deep elf high priests
  7 ice dragons
  16 hydras
  A servant of whispers (Elf:1)
  11 yaktaur captains
  2 rakshasas (Depths:1)
  32 vault guards
  4 peacekeepers
  2 salamander tyrants
  2 spriggan air magi
  4 boulder beetles
  14 centaur warriors
  5 ogre magi
  12 ironbound frosthearts
  28 dancing weapons
  5 anacondas
  A vampire mage (Depths:1)
  A deep troll shaman (Depths:2)
  12 alligators
  21 naga warriors
  14 two-headed ogres
  3 deep troll earth magi
  2 shock serpents
  2 sun demons (Depths:1)
  14 deep elf knights
  5 spriggan berserkers
  5 tengu warriors
  22 naga sharpshooters
  13 hell knights
  4 skeletal warriors (D:12)
  Amaemon (Lair:2)
  A death drake (Swamp:4)
  A shadow wraith (Vaults:5)
  3 iron trolls
  5 salamander mystics
  3 skysharks
  2 goliath frogs
  2 flayed ghosts
  66 deep trolls
  8 swamp dragons
  2 spriggan druids
  15 deep elf archers
  5 naga ritualists
  4 bog bodies
  4 glowing orange brains
  29 ironbound convokers
  3 wizards
  17 lindwurms
  2 harpies
  5 orc knights
  8 phantasmal warriors
  A steelbarb worm (shapeshifter) (Depths:4)
  A cyclops (shapeshifter) (Elf:2)
  9 necromancers
  2 orc sorcerers
  28 deep elf pyromancers
  A salamander (shapeshifter) (Vaults:4)
  38 deep elf zephyrmancers
  37 ugly things
  A mana viper (shapeshifter) (Depths:1)
  11 mana vipers
  A wolf spider (Lair:3)
  A wolf spider (shapeshifter) (Vaults:5)
  15 salamanders
  4 cyclopes
  A shining eye (shapeshifter) (Depths:4)
  9 moths of wrath
  4 will-o-the-wisps
  Joseph (D:7)
  3 manticores
  17 vault sentinels
  31 black mambas
  11 elephants (Lair:5)
  6 guardian serpents
  15 naga magi
  An eye of devastation (shapeshifter) (Vaults:5)
  A torpor snail (Lair:1)
  An orange demon (Lair:2)
  2 gargoyles
  4 unseen horrors
  13 cane toads
  A rime drake (Lair:2)
  2 tengu conjurers
  A komodo dragon (shapeshifter) (D:15)
  9 yaktaurs
  2 freezing wraiths (Vaults:5)
  13 komodo dragons
  A queen bee (shapeshifter) (D:13)
  3 meliai (Lair:4)
  A queen bee (Lair:4)
  5 trolls
  9 tyrant leeches
  15 hornets
  3 blink frogs (Lair:5)
  3 polar bears (Lair:5)
  A blink frog (shapeshifter) (D:15)
  2 dream sheep (Lair:5)
  2 saltlings
  25 spriggans
  24 slime creatures
  10 water elementals
  3 air elementals
  6 wyverns
  3 wraiths
  4 shadows
  47 yaks
  A fire bat (shapeshifter) (D:15)
  Eustachio (D:5)
  A fire elemental (Elf:2)
  6 hogs (Snake:2)
  3 vampires
  3 steam dragons
  6 vampire mosquitoes
  5 basilisks
  A yaktaur simulacrum (Vaults:2)
  4 wargs
  A human zombie (Vaults:2)
  14 swamp worms
  A swamp worm (shapeshifter) (Depths:4)
  34 nagas
  25 water moccasins
  2 acid dragons
  A swamp drake (Swamp:4)
  6 black bears
  2 ice beasts
  19 orc warriors
  2 sky beasts (D:7)
  29 wolves
  7 boggarts
  31 ogres
  14 centaurs
  3 phantoms
  2 kobold brigands (D:10)
  4 earth elementals
  19 bullfrogs
  3 scorpions
  7 wights
  2 electric eels (Lair:2)
  21 killer bees
  8 howler monkeys
  4 lava snakes (Lair:2)
  A hound (D:5)
  3 jellies
  29 orc priests
  26 orc wizards
  3 iguanas
  Robin (D:4)
  13 adders
  A white imp (D:7)
  2 ufetubi (D:5)
  2 worms
  A dart slug (D:2)
  57 orcs
  24 ball pythons
  7 endoplasms
  8 giant cockroaches
  15 goblins
  5 hobgoblins
  11 quokkas
  5 bats
  8 frilled lizards (Sewer)
  7 kobolds
  9 rats
1806 creatures vanquished.

Vanquished Creatures (collateral kills)
  Saint Roka (Snake:3)
  A curse toe (Zot:3)
  A golden dragon (Zot:3)
  2 tentacled monstrosities (Zot:4)
  A quicksilver dragon (Zot:2)
  Asterion (Vaults:2)
  A deep elf blademaster (Elf:3)
  4 shadow dragons
  2 storm dragons (Zot:3)
  3 death cobs
  A draconian monk (Zot:3)
  A fire giant (Depths:2)
  2 draconian knights
  A draconian scorcher (Zot:3)
  A draconian stormcaller (Zot:3)
  2 draconian shifters
  A draconian annihilator (Zot:3)
  2 green draconians (Zot:3)
  5 black draconians
  A red draconian (Zot:3)
  2 yellow draconians
  3 purple draconians (Zot:3)
  2 white draconians (Zot:3)
  A shambling mangrove (Swamp:4)
  A rakshasa (Depths:2)
  3 vault guards (Vaults:5)
  2 dancing weapons (Elf:2)
  2 hell knights (Depths:2)
  A spriggan (Depths:4)
  A shock serpent (Snake:4)
  A deep troll (Vaults:3)
  A deep elf pyromancer (Elf:2)
  2 necromancers
  2 orc sorcerers
  A human zombie (Vaults:2)
  11 moths of wrath
  A manticore (D:14)
  2 black mambas (Snake:1)
  A naga mage (Snake:4)
  2 hornets
  2 nagas (Snake:1)
  2 orc warriors
  An orc wizard (Snake:4)
  An orc (Snake:4)
82 creatures vanquished.

Vanquished Creatures (others)
  An orb of fire (Zot:2)
  3 tentacled monstrosities
  2 death cobs (Zot:4)
  A fire giant (Depths:2)
  A deep elf elementalist (Elf:3)
  A draconian scorcher (Zot:1)
  A draconian shifter (Zot:3)
  2 green draconians (Zot:1)
  2 yellow draconians (Zot:1)
  3 red draconians
  A white draconian (Zot:1)
  An ogre mage (Vaults:5)
  A deep elf knight (Elf:1)
  A deep elf zephyrmancer (Elf:3)
  A moth of wrath (Zot:1)
  A naga mage (Snake:3)
  2 bloated husks
  2 orc wizards
  12 foxfires
  33 fungi
  66 plants
  2 withered plants (Vaults:4)
140 creatures vanquished.

Grand Total: 2028 creatures vanquished

Notes
Turn   | Place    | Note
-------+----------+-------------------------------------------
     0 | D:1      | dogaso222 the Minotaur Monk began the quest for the Orb.
     0 | D:1      | Reached XP level 1. HP: 19/19 MP: 0/0
   438 | D:1      | Reached XP level 2. HP: 27/27 MP: 1/1
   662 | D:1      | Reached skill level 1 in Armour
   819 | D:1      | Reached skill level 1 in Shields
   819 | D:1      | Reached XP level 3. HP: 33/33 MP: 2/2
  1456 | D:2      | Found a runed translucent door.
  1457 | D:2      | Noticed Crazy Yiuf
  1823 | D:3      | Reached XP level 4. HP: 39/40 MP: 3/3
  1854 | D:3      | Found a broken altar of Ashenzari.
  1970 | D:3      | Found a glowing drain.
  1989 | Sewer    | Entered a sewer
  2597 | Sewer    | Reached skill level 5 in Polearms
  2871 | Sewer    | Reached XP level 5. HP: 44/47 MP: 4/4
  3105 | Sewer    | Reached XP level 6. HP: 11/55 MP: 5/5
  4610 | D:4      | Found Qangigil's Armour Boutique.
  4616 | D:4      | Found a radiant altar of Vehumet.
  4623 | D:4      | Found an ancient bone altar of Kikubaaqudgha.
  4623 | D:4      | Found a burning altar of Makhleb.
  4765 | D:4      | Reached skill level 5 in Fighting
  4898 | D:4      | Noticed Robin
  5367 | D:4      | Killed Robin
  5498 | D:4      | Found an ornate altar of the Wu Jian Council.
  5864 | D:5      | Entered Level 5 of the Dungeon
  5964 | D:5      | Reached XP level 7. HP: 61/61 MP: 6/6
  6145 | D:5      | Found an opulent altar of Gozag.
  6213 | D:5      | Found a staircase to the Ecumenical Temple.
  6530 | D:5      | Noticed Eustachio
  7146 | D:5      | Found a sparkling altar of Nemelex Xobeh.
  7262 | D:5      | Found a hide-covered altar of Uskayaw.
  7356 | D:5      | Killed Eustachio
  7357 | D:5      | Reached XP level 8. HP: 47/70 MP: 7/7
  7820 | Temple   | Entered the Ecumenical Temple
  8365 | D:6      | Reached skill level 5 in Armour
  8365 | D:6      | Reached skill level 5 in Shields
  9289 | D:5      | Became a worshipper of Gozag Ym Sagoz the Greedy
  9336 | D:4      | Bought a +2 pair of gloves of strength for 236 gold pieces
  9871 | D:7      | Noticed Joseph
  9947 | D:7      | Killed Joseph
  9948 | D:7      | Reached XP level 9. HP: 72/79 MP: 8/8
 10136 | D:7      | Reached skill level 10 in Polearms
 10530 | D:7      | Noticed a manticore
 10532 | D:7      | Noticed a two-headed ogre
 10733 | D:7      | HP: 4/81 [vampire/vampiric draining (12)]
 11181 | D:7      | Killed a two-headed ogre
 11690 | D:7      | Killed a manticore
 11941 | D:7      | Reached XP level 10. HP: 90/90 MP: 9/9
 11975 | D:7      | Identified the -1 helmet of the Protecting Gods {Drain
                  | rElec rN++}
 12020 | D:7      | Identified the ring of Qyheasmo {rC+ Int+6 Dex-3 Slay+3}
 12020 | D:7      | Noticed a deep elf pyromancer
 12099 | D:7      | Killed a deep elf pyromancer
 12633 | D:7      | Found a shadowy altar of Dithmenos.
 12635 | D:7      | Found a white marble altar of Elyvilon.
 12636 | D:7      | Found a glowing golden altar of the Shining One.
 12636 | D:7      | Found a sparkling altar of Nemelex Xobeh.
 14468 | D:8      | Found a runed translucent door.
 14480 | D:8      | Noticed TheSeeker391's ghost (novice HOFi)
 15136 | D:9      | Found a blossoming altar of Fedhas.
 15285 | D:9      | Found a flagged portal.
 15295 | Bailey   | Entered a bailey
 15423 | Bailey   | Noticed a two-headed ogre
 15433 | Bailey   | Killed a two-headed ogre
 15434 | Bailey   | Reached XP level 11. HP: 88/99 MP: 10/10
 15444 | Bailey   | Reached skill level 10 in Fighting
 15642 | Bailey   | Identified the +1 swamp dragon scales of Eternal Night
                  | {rPois rF+ Regen+ Int-4 Dex+4}
 16249 | D:9      | Found a staircase to the Orcish Mines.
 16559 | D:9      | Found Zaureud's Armour Emporium.
 16559 | D:9      | Noticed Gastronok
 16599 | D:9      | Killed Gastronok
 16665 | D:9      | Bought a +3 plate armour of fire resistance for 630 gold
                  | pieces
 17380 | D:9      | Found a runed translucent gate.
 17381 | D:9      | Found a runed translucent gate.
 17390 | D:9      | Found a runed translucent gate.
 17438 | D:9      | Noticed Anamonty's ghost (journeyman OpVM)
 17460 | D:9      | Found an iron altar of Okawaru.
 17686 | D:9      | Found a hazy altar of Hepliaklqana.
 17738 | D:9      | Found a viscous altar of Jiyva.
 17838 | D:10     | Entered Level 10 of the Dungeon
 17939 | D:10     | Reached skill level 10 in Armour
 18065 | D:10     | Reached skill level 10 in Shields
 18387 | D:10     | Found a snail-covered altar of Cheibriados.
 19340 | D:10     | Found a bloodstained altar of Trog.
 19466 | D:10     | Noticed a brown ugly thing
 19473 | D:10     | Killed a brown ugly thing
 19609 | D:10     | Noticed a centaur warrior
 19622 | D:10     | Killed a centaur warrior
 19623 | D:10     | Reached XP level 12. HP: 107/112 MP: 3/11
 19626 | D:10     | Identified the +0 helmet of Sunlight {Fly rElec rF- rN+++}
 20768 | D:11     | Found a staircase to the Lair.
 21395 | D:11     | Noticed a two-headed ogre
 21416 | D:11     | Killed a two-headed ogre
 22725 | D:12     | Found Vygar's General Store.
 22728 | D:12     | Bought a potion of heal wounds for 60 gold pieces
 22728 | D:12     | Bought a scroll of brand weapon for 114 gold pieces
 22728 | D:12     | Bought a scroll of identify for 24 gold pieces
 22728 | D:12     | Bought a scroll of magic mapping for 90 gold pieces
 23184 | D:12     | Reached skill level 1 in Evocations
 23294 | D:12     | Found Sataesir's General Store.
 23445 | D:12     | Bought a potion of curing for 51 gold pieces
 23445 | D:12     | Bought a potion of resistance for 170 gold pieces
 23445 | D:12     | Bought 2 potions of curing for 102 gold pieces
 23874 | D:12     | Got the Book of the Insatiable Visions
 24294 | D:12     | Reached skill level 15 in Polearms
 24393 | D:13     | Noticed a centaur warrior
 24754 | Lair:1   | Entered Level 1 of the Lair of Beasts
 25086 | Lair:1   | Identified the ring of Undoing {rF+ rC+ rN+ Str+2 Slay+2}
 26065 | Lair:2   | Reached XP level 13. HP: 115/125 MP: 4/12
 26629 | Lair:2   | Found a staircase to the Swamp.
 26919 | Lair:1   | Reached skill level 15 in Fighting
 27390 | Lair:2   | Noticed Amaemon
 27684 | Lair:2   | Killed Amaemon
 28263 | Lair:2   | Found a staircase to the Snake Pit.
 28934 | Lair:2   | Bought a pair of glowing boots for 195 gold pieces
 29002 | Lair:3   | Reached skill level 5 in Evocations
 29018 | Lair:3   | Noticed Rupert
 29143 | Swamp:1  | Entered Level 1 of the Swamp
 29143 | Swamp:1  | Noticed a bunyip
 29143 | Swamp:1  | You fall into a shaft and drop 1 floor!
 29200 | Swamp:1  | Noticed an eleionoma
 29220 | Swamp:1  | Killed an eleionoma
 29874 | Lair:3   | Killed Rupert
 30775 | Lair:4   | Identified 2 scrolls of acquirement
 30776 | Lair:4   | Acquired the +2 spear of Dueluf {elec, rPois rCorr Int-2}
 30778 | Lair:4   | Acquired 794 gold pieces
 31055 | Lair:4   | Bought a shimmering spear for 248 gold pieces
 31055 | Lair:4   | Identified the +1 spear of the Demagogue {flame, Str+3}
                  | (You bought it in a shop on level 4 of the Lair of Beasts)
 31523 | Lair:4   | Found a viscous altar of Jiyva.
 31524 | Lair:4   | Found a staircase to the Slime Pits.
 31660 | Lair:4   | Reached XP level 14. HP: 137/137 MP: 13/13
 32469 | Lair:5   | Entered Level 5 of the Lair of Beasts
 33927 | Lair:5   | Found a runed translucent gate.
 33927 | Lair:5   | Found a runed translucent gate.
 33927 | Lair:5   | Found a runed translucent gate.
 36126 | Lair:5   | Noticed nubinia's ghost (journeyman TeAE)
 36833 | D:13     | Identified the ring of Wucoisk {rElec rC- rN++ MP+9 Str+2}
 37098 | D:13     | Found a gate to the Vaults.
 37130 | D:13     | Reached XP level 15. HP: 89/147 MP: 14/14
 37528 | D:14     | Acquired 1104 gold pieces
 37536 | D:14     | Bought a potion of curing for 63 gold pieces
 37536 | D:14     | Bought a potion of curing for 63 gold pieces
 37870 | D:14     | Identified the orb of Insatiable Hunger {light, rCorr Int-2
                  | SInv}
 38870 | D:15     | Entered Level 15 of the Dungeon
 39781 | D:15     | Found a staircase to the Depths.
 40414 | D:15     | Found a broken altar of Ashenzari.
 41388 | Orc:1    | Entered Level 1 of the Orcish Mines
 41786 | Orc:2    | Entered Level 2 of the Orcish Mines
 42524 | Orc:2    | Paralysed by something for 4 turns
 43337 | Orc:2    | Found a staircase to the Elven Halls.
 43843 | Orc:2    | Found Kobelop's Distillery.
 43843 | Orc:2    | Found Huotiad's Armour Shop.
 43844 | Orc:2    | Found Lecay's Jewellery Shop.
 43844 | Orc:2    | Found Vikleub's Weapon Emporium.
 43851 | Orc:2    | Bought a potion of might for 60 gold pieces
 43851 | Orc:2    | Bought a potion of curing for 45 gold pieces
 43851 | Orc:2    | Bought a potion of might for 60 gold pieces
 43851 | Orc:2    | Bought a potion of curing for 45 gold pieces
 43851 | Orc:2    | Bought a potion of might for 60 gold pieces
 43857 | Orc:2    | Bought the amulet "Pioduch" {Spirit rElec Will++ Dex+3} for
                  | 964 gold pieces
 43858 | Orc:2    | Bought a +2 cloak for 214 gold pieces
 44543 | Swamp:1  | Reached XP level 16. HP: 159/159 MP: 15/15
 44825 | Swamp:1  | Identified the +0 scale mail of Space {-Tele rF+ SInv}
 45453 | Swamp:2  | Noticed Donald
 45478 | Swamp:2  | Killed Donald
 46592 | Swamp:2  | Got the Treatise on the Sphinx and Lava
 48689 | Swamp:4  | Entered Level 4 of the Swamp
 49497 | Swamp:4  | Noticed a thorn hunter
 50426 | Swamp:4  | Reached skill level 15 in Armour
 51038 | Swamp:4  | Got a decaying rune of Zot
 51491 | Swamp:4  | Noticed the 27-headed Lernaean hydra
 52164 | Elf:1    | Entered Level 1 of the Elven Halls
 52183 | Elf:1    | You fall into a shaft and drop 1 floor!
 52483 | Elf:1    | Reached XP level 17. HP: 82/170 MP: 13/16
 52524 | Elf:1    | Found a crumbling gateway.
 52564 | Desolati | Entered the Desolation of Salt
 53942 | Elf:1    | Paralysed by an air elemental for 1 turns
 55140 | Elf:2    | Reached skill level 1 in Throwing
 55696 | Elf:2    | Identified the +3 leather armour of Moral Flaws {Fly Will+
                  | MP+9 SInv}
 56994 | Elf:2    | Found a runed translucent gate.
 56994 | Elf:2    | Found a runed translucent gate.
 56996 | Elf:2    | Found a runed translucent gate.
 57187 | Elf:2    | Reached skill level 5 in Throwing
 57628 | Elf:2    | Noticed a deep elf blademaster
 57642 | Elf:2    | Killed a deep elf blademaster
 59313 | Elf:3    | Entered Level 3 of the Elven Halls
 59631 | Elf:3    | Paralysed by an air elemental for 1 turns
 59637 | Elf:3    | Paralysed by an air elemental for 1 turns
 59642 | Elf:3    | Paralysed by an air elemental for 1 turns
 61062 | Elf:3    | Found Afocs's Book Emporium.
 61118 | Elf:3    | Noticed a Hell Sentinel
 61126 | Elf:3    | Noticed a deep elf blademaster
 61126 | Elf:3    | Noticed a deep elf blademaster
 61126 | Elf:3    | Identified the +11 dagger of Infinity {drain, rElec}
 61126 | Elf:3    | Identified the ring "Zuhaitai" {Fly rPois rC+ Will+ Str-3}
 61127 | Elf:3    | Identified the ring "Tokianing" {+Blink Will+}
 61647 | Elf:3    | Identified the +0 leather armour of the Moon Troll {rF-
                  | rC+++ Str-2 Dex+5}
 61659 | Elf:3    | Reached XP level 18. HP: 106/171 MP: 11/17
 61802 | Elf:2    | Reached skill level 10 in Throwing
 64031 | Elf:3    | Noticed a Brimstone Fiend
 65773 | Elf:3    | Identified the +7 lajatang of Xaaz {protect, rPois Int+3}
 67389 | Elf:3    | Identified the staff of cold "Addurr" {Fragile rC+ Str+3
                  | Dex+2 Stlth+}
 67500 | Elf:3    | Identified the amulet of the Crushed Brambles {Spirit
                  | Rampage rN+ Int+3}
 67502 | Elf:3    | Got the Omnibus of Attacks
 67505 | Elf:3    | Got the Exposition on Infected Ignition
 67508 | Elf:3    | Identified the +0 pair of boots "Qihisex" {Fly rElec rPois
                  | Dex-5}
 68168 | Vaults:1 | Entered Level 1 of the Vaults
 69284 | Vaults:1 | Reached skill level 15 in Throwing
 69769 | Vaults:1 | Reached XP level 19. HP: 130/185 MP: 13/18
 71888 | Vaults:1 | Found Ideucivvu's Antique Armour Shop.
 72605 | Vaults:2 | Found Yfuiri's General Store.
 72613 | Vaults:2 | Bought a scroll of silence for 142 gold pieces
 72613 | Vaults:2 | Bought a potion of haste for 150 gold pieces
 72764 | Vaults:2 | Reached skill level 10 in Evocations
 72806 | Vaults:2 | Found Lakid's Antique Armour Boutique.
 72815 | Vaults:2 | Found a flickering gateway to a bazaar.
 72824 | Bazaar   | Entered a bazaar
 72930 | Bazaar   | Found Meumiqy's Antique Weapon Shoppe.
 72941 | Bazaar   | Found Lovvym's Antique Weapon Emporium.
 72957 | Bazaar   | Found Horchecs's Antique Armour Shoppe.
 72968 | Bazaar   | Found Kiklif's Antique Armour Emporium.
 73078 | Bazaar   | Bought a pair of glowing boots for 187 gold pieces
 73282 | Vaults:2 | Bought a distressingly furry plate armour for 1120 gold
                  | pieces
 73282 | Vaults:2 | Identified the +0 plate armour of Tuel {Rampage rC+ Int+3}
                  | (You bought it in a shop on level 2 of the Vaults)
 73705 | Vaults:2 | Noticed Asterion
 73942 | Vaults:2 | Killed Asterion
 75985 | D:14     | Bought a phantom mirror for 840 gold pieces
 77051 | Vaults:2 | Found a staircase to the Crypt.
 77581 | Vaults:2 | Found a large runed translucent door.
 77581 | Vaults:2 | Found a large runed translucent door.
 77581 | Vaults:2 | Noticed ohados's ghost (veteran OpTm)
 77581 | Vaults:2 | Noticed Duohi's ghost (veteran OpTm)
 77603 | Vaults:2 | Found Upittiell's General Store.
 78504 | Vaults:2 | Bought a pair of scorched gloves for 380 gold pieces
 78504 | Vaults:2 | Identified the +0 pair of gloves of Zin's Outrage {rPois
                  | Will+ Int-2 SInv} (You bought it in a shop on level 2 of
                  | the Vaults)
 79747 | Vaults:3 | Found Nunoxze's Antique Armour Shop.
 82750 | Vaults:3 | Reached XP level 20. HP: 193/193 MP: 19/19
 83587 | Vaults:4 | Noticed Boris
 84029 | Vaults:4 | Noticed Aizul
 84043 | Vaults:4 | Killed Aizul
 84910 | Vaults:4 | Found a runed translucent gate.
 84912 | Vaults:4 | Noticed Morbidden's ghost (veteran FoHu)
 84913 | Vaults:4 | Found a runed translucent gate.
 84913 | Vaults:4 | Noticed twifor's ghost (adept MfGl)
 84913 | Vaults:4 | Noticed Yhutz's ghost (veteran MiFi)
 84913 | Vaults:4 | Noticed Arghirug's ghost (adept HOFi)
 84914 | Vaults:4 | Found a runed translucent gate.
 85007 | Vaults:4 | Killed Boris
 88784 | Snake:1  | Entered Level 1 of the Snake Pit
 88793 | Snake:1  | Noticed Rawr's ghost (adept OpTm)
 89605 | Snake:1  | Found a runed translucent gate.
 89605 | Snake:1  | Found a runed translucent gate.
 89605 | Snake:1  | Found a runed translucent gate.
 89837 | Snake:1  | Killed Rawr's ghost
 89880 | Snake:1  | Got Zaist's Spellbook of Shades and Ill Luck
 91769 | Snake:2  | Noticed Kirke
 91791 | Snake:2  | Killed Kirke
 92020 | Snake:2  | Identified the +4 quarterstaff "Lacertilian's Undoing"
                  | {freeze, rElec rC+ Stlth+}
 92634 | Snake:3  | Noticed Roxanne
 93524 | Snake:3  | Reached skill level 15 in Evocations
 94542 | Snake:3  | Reached XP level 21. HP: 180/201 MP: 20/20
 94542 | Snake:3  | Noticed Vashnia
 96958 | Snake:3  | Killed Vashnia
 97880 | Snake:3  | Killed Roxanne
 98169 | Snake:4  | Entered Level 4 of the Snake Pit
 98170 | Snake:4  | Noticed Saint Roka
 98190 | Snake:3  | Killed Saint Roka
101010 | Snake:4  | Found an opulent altar of Gozag.
101023 | Snake:4  | Found Rudegepo's Armour Shop.
101034 | Snake:4  | Noticed Mara
101039 | Snake:4  | Killed Mara
101584 | Snake:4  | Found Ficol's Armour Emporium.
101594 | Snake:4  | Found Kerphosmo's Antique Armour Shoppe.
101639 | Snake:4  | Found Zojoih's General Store.
101657 | Snake:4  | Bought a potion of invisibility for 128 gold pieces
101657 | Snake:4  | Bought a scroll of fear for 64 gold pieces
101930 | Snake:4  | Got a serpentine rune of Zot
102700 | Depths:1 | Entered Level 1 of the Depths
103758 | Depths:1 | Reached skill level 15 in Shields
104199 | Depths:1 | Found a gateway to Hell.
106352 | Depths:2 | Noticed Louise
106372 | Depths:2 | Killed Louise
107208 | Depths:2 | Got the Dissertation on Hapless Soot
107215 | Depths:2 | Found a one-way gate to the infinite horrors of the Abyss.
107748 | Depths:2 | Reached XP level 22. HP: 175/209 MP: 17/21
107970 | Depths:2 | Noticed a golden dragon
108608 | Depths:2 | Found a glowing silver altar of Zin.
108609 | Depths:2 | Found a runed translucent door.
108835 | Depths:2 | Found a one-way gate leading to the halls of Pandemonium.
109467 | Depths:2 | Killed a golden dragon
109893 | Depths:2 | Found a one-way gateway to a ziggurat.
109966 | Depths:2 | Reached skill level 27 in Polearms
110251 | Depths:2 | Got the Compendium of Hexes
111398 | Depths:3 | Found a glowing golden altar of the Shining One.
111410 | Depths:3 | Identified the +0 dire flail of Day {drain, Int+3}
111685 | Depths:4 | Entered Level 4 of the Depths
112351 | Depths:4 | Noticed a golden dragon
112362 | Depths:3 | Killed a golden dragon
113190 | Depths:4 | Noticed a golden dragon
113204 | Depths:4 | Killed a golden dragon
113328 | Depths:4 | Found a gate to the Realm of Zot.
114189 | Depths:4 | Noticed Grunn
114205 | Depths:3 | Killed Grunn
115644 | Vaults:5 | Entered Level 5 of the Vaults
115644 | Vaults:5 | Noticed Bai Suzhen
115646 | Vaults:5 | Noticed Sojobo
115743 | Vaults:5 | Noticed a dread lich
116000 | Vaults:5 | Noticed Margery
117252 | Vaults:4 | Killed Bai Suzhen
117253 | Vaults:4 | Reached XP level 23. HP: 174/223 MP: 16/22
117821 | Vaults:4 | Killed Margery
118004 | Vaults:4 | Killed a dread lich
118178 | Vaults:5 | Identified the staff of earth "Lipuafaph" {rPois}
118466 | Vaults:5 | Identified the +5 dagger of the Transmuting Goat {heavy,
                  | Str+4 Int+5 Stlth-}
118686 | Vaults:5 | Noticed an ancient lich
118693 | Vaults:5 | Noticed Mennas
119552 | Vaults:5 | Killed Sojobo
119721 | Vaults:5 | Noticed an ancient lich
119733 | Vaults:5 | Killed an ancient lich
120135 | Vaults:5 | Killed an ancient lich
120495 | Vaults:5 | Killed Mennas
121141 | Vaults:5 | Identified the staff of conjuration "Masasyor" {rC+}
121146 | Vaults:5 | Identified the +2 mace of Doaxoph {holy, *Rage rPois rF+}
121627 | Vaults:5 | Identified the +3 scale mail of Exclusion {rC+ rN+++ Int+3
                  | Slay-2}
122396 | Vaults:5 | Got a silver rune of Zot
122700 | Vaults:5 | Got Hamoggat's Elucidation of the Collective Tektite
123557 | Zot:1    | Entered Level 1 of the Realm of Zot
124086 | Zot:1    | Found the +4 dragonskin cloak
124086 | Zot:1    | Noticed Tiamat
124189 | Zot:1    | Reached XP level 24. HP: 231/240 MP: 21/22
125455 | Zot:2    | Noticed an orb of fire
126130 | Zot:2    | Identified the +1 hand axe of Sin {heavy, *Slow rElec Str+2
                  | Stlth+}
126162 | Zot:2    | Got the Elucidation of Earth
128756 | Zot:3    | Reached skill level 27 in Fighting
133215 | Zot:5    | Entered Level 5 of the Realm of Zot
134024 | Zot:5    | Noticed an ancient lich
134049 | Zot:5    | Noticed an orb of fire
134075 | Zot:5    | Gained mutation: You do not regenerate when monsters are
                  | visible. [an orb of fire]
134078 | Zot:5    | Gained mutation: Your magical capacity is low. (-10% MP)
                  | [an orb of fire]
134085 | Zot:5    | Gained mutation: You occasionally lose the ability to read
                  | scrolls when taking damage. [an orb of fire]
134086 | Zot:5    | Gained mutation: Your body sometimes deteriorates upon
                  | taking damage. [an orb of fire]
134092 | Zot:5    | Noticed a dread lich
134092 | Zot:5    | Noticed an orb of fire
134092 | Zot:5    | Noticed a Killer Klown
134093 | Zot:5    | Gained mutation: You are frail. (-10% HP) [an orb of fire]
134093 | Zot:5    | Noticed a dread lich
134094 | Zot:5    | Noticed a Killer Klown
134095 | Zot:5    | Noticed a Killer Klown
134096 | Zot:5    | Noticed an orb of fire
134096 | Zot:5    | Noticed an ancient lich
134097 | Zot:5    | Noticed a dread lich
134108 | Zot:5    | HP: 3/224 [orb of fire/fireball (24)]
134111 | Zot:5    | Gained mutation: Potions are less effective at restoring
                  | your health. [an orb of fire]
134114 | Zot:5    | Noticed an ancient lich
134121 | Zot:5    | Killed from afar by an orb of fire

Illustrated notes

Levels and vault maps discovered:
D:1:      dpeg_arrival_arbitrary_a, layout_loops_ring
D:2:      layout_loops_cross, uniq_crazy_yiuf_cottage
D:3:      layout_basic, mainiacjoe_overflow_tiny_flanked, portal_sewer_entry_b
D:4:      layout_basic, pdpol_wu_jian_five_deadly_venoms,
          grunt_temple_overflow_open, serial_shops,
          nicolae_shop_temple_entry_statues_fountains, minmay_snake_closets,
          uniq_robin
D:5:      layout_basic, kennysheep_mini_moat, nicolae_uskayaw_dance_hall,
          grunt_gozag_statues, lemuel_temple_firewalk_b, uniq_eustachio
D:6:      layout_basic
D:7:      minmay_the_grid_octo_2x2 [minmay_the_grid_octo_fat_diamond,
          minmay_the_grid_octo_checkered, minmay_the_grid_octo_shrine,
          minmay_the_grid_octo_prize_ultimate_mussel_roller], layout_rooms,
          uniq_joseph
D:8:      layout_rooms, ebering_ghost_inner_flame
D:9:      layout_layer_cave, mainiacjoe_overflow_concentric_impassable,
          okawaru_metal_pillars_1_2, nicolae_hepliaklqana_hippocampus,
          david_orc_4, serial_shops, shop, gammafunk_ghost_ooze, enter_bailey_8,
          kennysheep_windowed_goal, uniq_gastronok
D:10:     layout_roguey, cheibriados_altar_1, trog_book,
          statue_in_the_mist_lemuel, evilmike_minifort
D:11:     layout_basic, due_lair_maze_entry_diamond
D:12:     layout_roguey, serial_shops, shop_fountains, kennysheep_mini
D:13:     layout_rooms, erik_vaults_2
D:14:     layout_roguey
D:15:     hangedman_depths_entry_try_elsewhere_first, layout_loops_ring,
          portal_ice_cave_entry_dragon, ashenzari_conservatory_becter
Temple:   hellmonk_temple_forest_ring
Lair:1:   layout_roguey
Lair:2:   layout_cave_shapes, minmay_swamp_entry_swarm,
          nicolae_snake_entry_warm_welcome, serial_bayou_lagoon_a,
          serial_bayou_crossing, uniq_amaemon
Lair:3:   layout_cave_shapes, uniq_rupert
Lair:4:   beast_lair_carwin_large_4, layout_long_grid,
          minmay_slime_entry_pillars, special_room [special_room_bee],
          nicolae_lair_run_with_the_wolves
Lair:5:   minmay_lair_end_enchanted_forest, layout_misc_corridors,
          ebering_ghost_rock_garden, nzn_sisyphean_effort, grunt_megastairs_5,
          lemuel_fruit_fields, serial_bayou_shore_b,
          infiniplex_staircase_pool_2, serial_bayou_shore_a
Swamp:1:  nicolae_swamp_ascending_descending, layout_basic_swamp,
          hangedman_swamp_diagram
Swamp:2:  layout_basic_swamp, nicolae_swamp_stair_fork, uniq_donald
Swamp:3:  layout_basic_swamp, infiniplex_staircase_pool, swamp_pool4
Swamp:4:  swamp_alternative, layout_basic_swamp, swamp_pool1
Snake:1:  layout_basic, gammafunk_ghost_split
Snake:2:  layout_layer_cave, nicolae_integral_box, serial_bayou_shore_b,
          uniq_kirke
Snake:3:  layout_onion_interference, serial_bayou_shore_b, uniq_vashnia,
          uniq_roxanne
Snake:4:  snake_pit, layout_cave_town, serial_shops, nicolae_shop_stone,
          nicolae_shop_advertising_works [nicolae_subvault_shop_adworks], shop,
          shop_fountains, basic_altar, uniq_mara, uniq_saint_roka
Orc:1:    layout_caves, uniq_josephine
Orc:2:    st_orc_ogre_mass, layout_diamond_mine
Elf:1:    elf_arrival_001, layout_loops_corners,
          portal_desolation_entry_twin_temple, hangedman_elf_represent
Elf:2:    elven_hall_of_blades_hangedman_original [mumra_blade_entry_dagger],
          layout_onion_city, nicolae_elf_stair_hall
Elf:3:    nooodl_elf_gasket, layout_loops_corners, serial_shops, shop,
          st_stairs_10
Vaults:1: vaults_room_door_hall, nicolae_vaults_prndl, nicolae_vaults_wrenched,
          nicolae_vaults_house_2, v_misc_28, vaults_mumra_minichess,
          nicolae_vaults_steering_wheel, nicolae_vaults_little_squares_1,
          dpeg_vaults_monster_box, nicolae_vaults_storage_room_glass,
          nicolae_vaults_lightning_bolt, nicolae_vaults_specimen_jars,
          nicolae_vaults_trapezoid_1, layout_vaults_ring, serial_shops, shop
Vaults:2: advil_vaults_ghost_guards, nicolae_vaults_rhombus_5,
          nicolae_vaults_sesquioval_fish, nicolae_vaults_circle_grid_a,
          nicolae_vaults_border_crossing, nicolae_vaults_more_shelving_1,
          vaults_room_door_hall, ontoclasm_vaults_ligature,
          layout_vaults_quadrants, dummy_crypt_entry, serial_shops,
          freezing_bzr, shop, nicolae_shop_window_shopping, shop, uniq_asterion
Vaults:3: nicolae_vaults_twisting_passages, v_misc_10,
          nicolae_vaults_little_squares_4, v_misc_32, nicolae_vaults_alarming,
          v_rooms_5, v_misc_11, layout_vaults_chaotic_city, serial_shops, shop
Vaults:4: gammafunk_ghost_cemetery, nicolae_vaults_angled_halls,
          grunt_vaults_twisty, vaults_mumra_bighexcomb,
          nicolae_vaults_three_branches, hangedman_vaults_trim,
          nicolae_vaults_apartment_1, nicolae_vaults_house_1,
          nicolae_vaults_door_testing_chamber, v_misc_30,
          hangedman_vaults_locks, nicolae_vaults_tetromino_L_1,
          layout_vaults_maze_snakey, uniq_aizul, uniq_boris
Vaults:5: uniq_bai_suzhen, uniq_mennas, uniq_margery, uniq_sojobo
Depths:1: layout_big_octagon, lightli_too_deep, serial_sigils_hangedman_quiver,
          eino_small_chamber_without_monster, kennysheep_generic_room_6,
          nicolae_triple_integral
Depths:2: minmay_strange_plus, layout_cave_shapes, enter_ziggurat_a, pan_entry,
          nicolae_abyss_entry_one_way_or_another, hell_entry, lemuel_angel_altar
Depths:3: abrahamwl_protected_by_tso_3, layout_cave_pools, hell_entry,
          pan_entry, abyss_entry, corexii_corridor_pit
Depths:4: grunt_zot_entry_tricorne, layout_cave_pools, nicolae_water_bricks,
          hell_entry, uniq_grunn
Zot:1:    layout_cellular_growth, drop_trap, uniq_tiamat
Zot:2:    kennysheep_oblong_rooms, layout_misc_corridors, st_stairs_7
Zot:3:    layout_concentric_octagons
Zot:4:    layout_onion_interference
Zot:5:    layout_misc_corridors

Skill      XL: |  1  2  3  4  5  6  7  8  9 10 11 12 13 14 15 16 17 18 19 20 21 22 23 24 |
---------------+-------------------------------------------------------------------------+-----
Polearms       | 4 5 6 8 9 11 13 14 15 17 19 21 23 25 26 27 | 27.0
Armour         | 1 2 3 4 6 7 9 11 12 13 15 18 | 18.0
Fighting       | 4 5 6 7 8 9 12 14 16 17 18 19 20 22 24 27 | 27.0
Shields        | 1 2 3 4 6 7 9 10 15 18 | 18.0
Evocations     | 3 6 8 12 15 16 17 19 | 19.3
Throwing       | 9 15 16 | 16.0
Dodging        | |  3.2

Action                     |  1- 3 |  4- 6 |  7- 9 | 10-12 | 13-15 | 16-18 | 19-21 | 22-24 || total
---------------------------+-------+-------+-------+-------+-------+-------+-------+-------++-------
  Melee: Spear             |   110 |   297 |     4 |       |  1312 |  1748 |  1046 |       ||  4517
         Headbutt          |    15 |    31 |    77 |   173 |   466 |   502 |   626 |   439 ||  2329
         Trident           |       |       |   333 |   946 |   491 |       |       |       ||  1770
         Lajatang          |       |       |       |       |       |   106 |   856 |       ||   962
         Demon trident     |       |       |       |       |       |       |    50 |  1498 ||  1548
  Throw: Boomerang         |       |       |     3 |       |       |    71 |   344 |   336 ||   754
         Javelin           |       |       |       |       |       |     4 |    33 |    21 ||    58
 Invoke: Potion Petition   |       |       |       |       |     6 |     7 |     3 |     8 ||    24
         Call Merchant     |       |       |       |       |     3 |       |       |       ||     3
         Bribe Branch      |       |       |       |       |       |       |       |     1 ||     1
  Evoke: Wand              |       |       |       |     3 |    13 |    10 |     8 |     4 ||    38
         Phial of floods   |       |       |       |     1 |       |       |       |       ||     1
         Box of beasts     |       |       |       |       |     3 |     5 |     6 |     6 ||    20
         Lightning rod     |       |       |       |       |       |       |    22 |    14 ||    36
         Phantom mirror    |       |       |       |       |       |       |     3 |     5 ||     8
    Use: Scroll            |       |     8 |     4 |     8 |    13 |    10 |    28 |    16 ||    87
         Potion            |       |       |     7 |     4 |     4 |     6 |     4 |    13 ||    38
   Stab: Invisible         |       |       |     3 |     3 |     9 |     4 |     2 |     6 ||    27
         Distracted        |       |       |       |     3 |     9 |     9 |    11 |    16 ||    48
         Confused          |       |       |       |       |       |       |       |     9 ||     9
         Petrifying        |       |       |       |       |       |       |       |     2 ||     2
         Paralysed         |       |       |       |       |       |       |       |     2 ||     2
         Fleeing           |       |       |       |       |       |       |       |     1 ||     1
 Armour: Robe              |     3 |       |       |       |       |       |       |       ||     3
         Ring mail         |    10 |    90 |    98 |     8 |       |       |       |       ||   206
         Plate armour      |       |       |       |   236 |   449 |   770 |   981 |   431 ||  2867
         Skin              |       |       |       |       |       |       |       |     9 ||     9
  Dodge: Dodged            |    31 |    90 |   105 |   122 |   237 |   381 |   509 |   195 ||  1670
  Block: Kite shield       |    22 |   126 |   154 |   457 |   828 |   662 |   440 |       ||  2689
         Reflection        |       |       |     3 |    27 |    26 |       |       |       ||    56
         Tower shield      |       |       |       |       |       |       |   152 |  1233 ||  1385

Table legend: (Time is in decaauts)
 A = Elapsed time spent in this place.
 B = Non-inter-level travel time spent in this place.
 C = Inter-level travel time spent in this place.
 D = Time resting spent in this place.
 E = Time spent auto-exploring this place.
 F = Levels seen in this place.
 G = Mean time per level.
                   A        B        C        D        E       F      G
               +--------+--------+--------+--------+--------+-----+--------+
         Total | 131427 | 124209 |   7218 |  79417 |  24265 |  52 | 2527.4 |
       Dungeon |  29501 |  26591 |   2910 |  14223 |   7904 |  15 | 1966.7 |
        Temple |    157 |    144 |     13 |      0 |    135 |   1 |  157.0 |
          Lair |  11860 |  11023 |    837 |   6636 |   2519 |   5 | 2372.0 |
         Swamp |   7704 |   7458 |    246 |   4779 |   1460 |   4 | 1926.0 |
     Snake Pit |  13338 |  12852 |    486 |   8615 |   2391 |   4 | 3334.5 |
  Orcish Mines |   3277 |   2835 |    442 |   1838 |    524 |   2 | 1638.5 |
   Elven Halls |  15287 |  15037 |    250 |  10673 |   1814 |   3 | 5095.7 |
        Vaults |  25686 |  24147 |   1539 |  15874 |   3895 |   5 | 5137.2 |
        Depths |  11698 |  11418 |    280 |   8234 |   1344 |   4 | 2924.5 |
           Zot |  10398 |  10186 |    212 |   7068 |   1941 |   5 | 2079.6 |
        Bazaar |    315 |    315 |      0 |    167 |      0 |   1 |  315.0 |
         Sewer |   1658 |   1658 |      0 |   1090 |    236 |   1 | 1658.0 |
        Bailey |    534 |    534 |      0 |    215 |    100 |   1 |  534.0 |
    Desolation |      8 |      8 |      0 |      0 |      0 |   1 |    8.0 |
               +--------+--------+--------+--------+--------+-----+--------+

Top non-repeatable levels by time:
   Elf:3: 6749 daAuts
   Elf:2: 6094 daAuts
Vaults:4: 5947 daAuts
Vaults:2: 5316 daAuts
Vaults:5: 5012 daAuts
Vaults:1: 4938 daAuts
   Zot:3: 4915 daAuts
Vaults:3: 4472 daAuts
 Snake:2: 3976 daAuts
 Snake:3: 3945 daAuts
Depths:1: 3827 daAuts
 Snake:4: 3776 daAuts
  Lair:5: 3490 daAuts
     D:7: 3282 daAuts
Depths:2: 3113 daAuts
